 Dungeon Crawl Stone Soup version 0.28-b1-25-g9875b3fc8c (webtiles) character file.

Game seed: 8397533119250348906

212 comborobin the Ruffian (level 5, 0/50 HPs)
             Began as a Troll Cinder Acolyte on Feb 2, 2022.
             Was a High Priest of Ignis.
             Succumbed to a scorpion's poison
             ... on level 7 of the Dungeon.
             The game lasted 00:01:37 (881 turns).

comborobin the Ruffian (Troll Cinder Acolyte)        Turns: 881, Time: 00:01:37

Health: 0/50       AC:  4    Str: 22    XL:     5   Next: 58%
Magic:  5/5        EV:  9    Int: 10    God:    Ignis [*****.]
Gold:   88         SH:  0    Dex:  7    Spells: 6/6 levels left

rFire   + . .      SeeInvis .     - Unarmed
rCold   . . .      Faith    .   (no shield)
rNeg    . . .      Spirit   .   b - +0 robe
rPois   .          Reflect  .   (helmet restricted)
rElec   .          Harm     .   (no cloak)
rCorr   .          Rampage  .   (gloves unavailable)
Will    .....                   (boots unavailable)
Stlth   +.........              (no amulet)
HPRegen 0.96/turn               (no ring)
MPRegen 0.09/turn               (no ring)

@: lethally poisoned (0 -> -1)
A: large, unfitting armour, claws 3, regeneration 1, shaggy fur 1, tough skin 1
a: Renounce Religion, Fiery Armour, Foxfire Swarm, Rising Flame


You were on level 7 of the Dungeon.
You worshipped Ignis.
Ignis was extremely pleased with you.
You visited 1 branch of the dungeon, and saw 7 of its levels.

You collected 88 gold pieces.

Inventory:

Hand Weapons
 a - a -1 falchion of flaming
 d - the +3 hand axe "Keyzxube" {speed, rElec rF+ Int-4}
   (You found it on level 2 of the Dungeon)

   Attacks with this weapon are significantly faster.
   Int:       It affects your intelligence (-4).
   rF:        It protects you from fire.
   rElec:     It insulates you from electricity.
Armour
 b - a +0 robe (worn)
Jewellery
 c - an amulet of reflection
Wands
 g - a wand of flame (23)
Scrolls
 e - a scroll of blinking {unknown}
 f - a scroll of fear {unknown}
 i - a scroll of identify {unknown}
Potions
 h - a potion of cancellation


   Skills:
 + Level 2.5 Fighting
 - Level 2.4 Long Blades
 + Level 0.3 Dodging
 + Level 5.3 Unarmed Combat
 - Level 1.0 Spellcasting
 - Level 2.1 Fire Magic


You had 6 spell levels left.
You didn't know any spells.
Your spell library contained the following spells:

 Spells                   Type           Power      Damage    Failure   Level
 Scorch                   Fire           8%         2d5       22%         2


Dungeon Overview and Level Annotations

Branches:
Dungeon (7/15)             Temple (0/1) D:5

Altars:

Shops:
D:7 :

Annotations:
D:7 3 runed translucent doors, BeavisTheGrey's ghost, novice TrMo


Innate Abilities, Weirdness & Mutations

You are too large for most types of armour.
You have claws for hands.
Your natural rate of healing is unusually fast.
You are covered in fur. (AC +1)
You have tough skin. (AC +1)


Message History

The scorpion stings you.
You are poisoned.
The scorpion poisons you!
You barely miss the scorpion.
You feel very sick. The scorpion stings you!
You claw the scorpion!
The scorpion is heavily wounded.
You feel sick. The scorpion stings you!
You are more poisoned.
The scorpion poisons you!
You closely miss the scorpion.
The scorpion is heavily wounded.
You feel very sick. The scorpion stings you.
You are more poisoned.
The scorpion poisons you!
You scratch the scorpion.
The scorpion is heavily wounded.
You feel very sick. The scorpion stings you!
* * * LOW HITPOINT WARNING * * *
You are too injured to fight recklessly!
* * * LOW HITPOINT WARNING * * *
You feel very sick. The scorpion barely misses you.
* * * LOW HITPOINT WARNING * * *
You feel very sick.
It was a potion of cancellation.
You feel magically purged.
* * * LOW HITPOINT WARNING * * *
You feel sick.
The scorpion stings you but does no damage.
Okay, then.
Okay, then.
Okay, then.
* * * LOW HITPOINT WARNING * * *
You feel very sick.
* * * LOW HITPOINT WARNING * * *
You feel sick.
You die...

#.# #.# #.#
#.# #.# #.#
#.#######..
#.......).
#.######.#
#.# #.#
####@#####..
#..........#
#.##s#######
# #.# #.#
#.#
#..........#
#.#....##.##
###..# #


You could see a scorpion.

Vanquished Creatures
  A black bear (D:4)
  A scorpion (D:6)
  A killer bee zombie (D:7)
  A hound zombie (D:5)
  2 adders (D:3)
  A worm (D:3)
  An orc (D:7)
  3 ball pythons
  2 endoplasms (D:2)
  2 hobgoblins
  2 jackals (D:3)
  A kobold (D:3)
  2 bats (D:2)
  A goblin (D:3)
  2 rats
23 creatures vanquished.

Notes
Turn   | Place    | Note
-------+----------+-------------------------------------------
     0 | D:1      | comborobin the Troll Cinder Acolyte began the quest for the
                  | Orb.
     0 | D:1      | Reached XP level 1. HP: 22/22 MP: 1/1
   147 | D:2      | Reached skill level 1 in Unarmed Combat
   210 | D:2      | Identified the +3 hand axe "Keyzxube" {speed, rElec rF+
                  | Int-4}
   223 | D:3      | Reached XP level 2. HP: 29/29 MP: 2/2
   403 | D:3      | Reached skill level 2 in Unarmed Combat
   453 | D:3      | Reached XP level 3. HP: 26/36 MP: 3/3
   530 | D:3      | Reached skill level 3 in Unarmed Combat
   603 | D:4      | Noticed a black bear
   608 | D:4      | Killed a black bear
   609 | D:4      | Reached skill level 4 in Unarmed Combat
   609 | D:4      | Reached XP level 4. HP: 44/44 MP: 4/4
   614 | D:5      | Entered Level 5 of the Dungeon
   633 | D:5      | Found a staircase to the Ecumenical Temple.
   641 | D:5      | Reached XP level 5. HP: 48/50 MP: 5/5
   659 | D:6      | Reached skill level 5 in Unarmed Combat
   754 | D:7      | Noticed BeavisTheGrey's ghost (novice TrMo)
   754 | D:7      | Found a runed translucent gate.
   754 | D:7      | Found a runed translucent gate.
   754 | D:7      | Found a runed translucent gate.
   754 | D:7      | Found Qiehed's Book Shop.
   879 | D:7      | HP: 1/50 [poisoned by a scorpion]
   881 | D:7      | Succumbed to a scorpion's poison

Illustrated notes

Levels and vault maps discovered:
D:1:      dpeg_arrival_leaves_temple_mockup, layout_loops_ring,
          nicolae_ecumenical_snake_handling
D:2:      layout_basic
D:3:      minmay_skewed_foursquare, layout_basic, item_on_display_a
D:4:      layout_basic, mainiacjoe_overflow_divided_tiny,
          mainiacjoe_overflow_small_starburst, old_standard_altar,
          grunt_ministairs_7, dk_rats_in_the_wall, uniq_edmund
D:5:      layout_cave_pools, mainiacjoe_overflow_catwalk,
          minmay_temple_entry_wispy
D:6:      layout_loops_corners, general_overflow_altar, sigmund_army
D:7:      layout_loops_ring, mainiacjoe_overflow_big_doors,
          biasface_ghost_orc_armoury, serial_shops, shop,
          kennysheep_small_circle

Skill      XL: |  1  2  3  4  5 |
---------------+----------------+-----
Unarmed Combat | 1 2 4 5 |  5.3
Fighting       | |  2.5
Long Blades    | |  2.4
Dodging        | |  0.3
Spellcasting   | |  1.0
Fire Magic     | |  2.1

Action                   |  1- 3 |  4- 6 || total
-------------------------+-------+-------++-------
Melee: Unarmed           |    40 |    20 ||    60
       Punch             |       |     1 ||     1
  Use: Scroll            |     1 |       ||     1
       Potion            |       |     1 ||     1
Armor: Robe              |     8 |     6 ||    14
Dodge: Dodged            |    19 |     5 ||    24
